 Dungeon Crawl Stone Soup version 0.18-a0-118-g58bf2d5 (webtiles) character file.

112615 Duffy the Fencer (level 16, 0/154 HPs)
             Began as a Naga Artificer on Nov 18, 2015.
             Was the Champion of Makhleb.
             Slain by a cyan ugly thing (7 damage)
             ... on level 15 of the Dungeon.
             The game lasted 01:19:16 (35183 turns).

Duffy the Fencer (Naga Artificer)                  Turns: 35183, Time: 01:19:17

Health: 0/154      AC: 27    Str: 15    XL:     16   Next: 61%
Magic:  22/22      EV: 10    Int: 12    God:    Makhleb [******]
Gold:   217        SH:  0    Dex: 15    Spells: 1 memorised, 12 levels left

rFire  . . .     SeeInvis +     a - +9 triple sword (holy)
rCold  . . .     Clarity  .     v - +2 ring mail {rN+}
rNeg   + + +     SustAt   .     (shield currently unavailable)
rPois  +         Gourm    .     A - +1 helmet
rElec  .         Spirit   .     B - +2 cloak {MR+}
rCorr  .         Warding  +     T - +0 pair of gloves
rMut   .         Stasis   .     m - +2 naga barding of Light {rN+++ MR++ Str-5}
MR     +++++                    P - amulet of warding
Stlth  +++.......               (no ring)
                                (no ring)

@: very slow, almost entirely resistant to hostile enchantments, fairly stealthy
A: see invisible, blink, deformed body, poison resistance, slowness 2, slow
metabolism 1, spit poison 2, strong 1, constrict 1, AC +5
a: Spit Poison, Blink, Minor Destruction, Lesser Servant of Makhleb, Major
Destruction, Greater Servant of Makhleb, Renounce Religion


You were on level 15 of the Dungeon.
You worshipped Makhleb.
Makhleb was exalted by your worship.
You were very hungry.

You visited 3 branches of the dungeon, and saw 27 of its levels.

You collected 3548 gold pieces.
You spent 3331 gold pieces at shops.


Innate Abilities, Weirdness & Mutations

You cannot wear boots.
Your serpentine skin is tough (AC +5).
You have supernaturally acute eyesight.
Armour fits poorly on your strangely shaped body.
Your system is resistant to poisons.
You cover ground very slowly.
You have a slow metabolism.
You can spit poison.
You can use your snake-like lower body to constrict enemies.
You can translocate small distances at will.
Your muscles are strong. (Str +2)


   Skills:
 - Level 12.5 Fighting
   Level 1.0(12.4) Short Blades
 + Level 18.3 Long Blades
 - Level 10.2 Armour
 - Level 7.2 Dodging
 - Level 6.2 Stealth
 - Level 7.0 Invocations
 - Level 8.8 Evocations


You had 12 spell levels left.
You knew the following spells:

 Your Spells              Type           Power        Failure   Level  Hunger
c - Regeneration          Chrm/Necr      #.........   98%         3    ####...

Inventory:

Hand Weapons
 a - a +9 triple sword of holy wrath (weapon)
 b - a +0 blowgun
 S - the +8 falchion of Vengeance {flame, rN+ Str+6 Dex+2}

   It has been specially enchanted to burn those struck by it, causing extra
   injury to most foes and up to half again as much damage against particularly
   susceptible opponents.
   Big, fiery blades are also staple armaments of hydra-hunters.
   It affects your strength (+6).
   It affects your dexterity (+2).
   It protects you from negative energy.
Missiles
 q - 104 poisoned needles
 M - 2 throwing nets (quivered)
Armour
 m - the +2 naga barding of Light (worn) {rN+++ MR++ Str-5}

   It affects your strength (-5).
   It renders you almost immune to negative energy.
   It affects your resistance to hostile enchantments.
 v - a +2 ring mail of positive energy (worn)
 y - a +0 ice dragon armour
 A - a +1 helmet (worn)
 B - a +2 cloak of magic resistance (worn)
 T - a +0 pair of gloves (worn)
Jewellery
 n - an uncursed amulet of resist mutation
 P - an amulet of warding (around neck)
 U - an uncursed amulet of stasis
Wands
 d - a wand of enslavement (24)
 e - a wand of draining (6)
 k - a wand of enslavement (11)
 D - a wand of hasting (5)
 K - a wand of paralysis (9)
 L - a wand of fire (10)
 O - a wand of cold (8)
 Q - a wand of digging (5)
 W - a wand of disintegration (3)
Scrolls
 h - 2 scrolls of identify
 i - 10 scrolls of teleportation
 j - 8 scrolls of fog
 l - 12 scrolls of remove curse
 o - 6 scrolls of blinking
 E - 4 scrolls of recharging
 G - 7 scrolls of magic mapping
 R - a scroll of holy word
 V - 2 scrolls of vulnerability
 X - 5 scrolls of enchant armour
 Z - 5 scrolls of fear
Potions
 c - 2 potions of cancellation
 g - 7 potions of might
 p - 3 potions of agility
 r - 2 potions of invisibility
 s - a potion of flight
 u - 2 potions of berserk rage
 w - 2 potions of heal wounds
 x - 2 potions of cure mutation
 z - 8 potions of curing
 C - 2 potions of haste
 I - 3 potions of brilliance
 Y - 6 potions of resistance
Miscellaneous
 F - a box of beasts
Comestibles
 f - 19 bread rations
 t - 9 meat rations
 J - 10 royal jellies
 N - 3 beef jerkies

Dungeon Overview and Level Annotations

Branches:
Dungeon (15/15)            Temple (0/1) D:4            Lair (8/8) D:11
 Shoals (0/4) Lair:5       Spider (0/4) Lair:3          Orc (4/4) D:12
    Elf (0/3) Orc:4        Vaults (0/5) D:13
  Slime: Lair:6-8    Depths: D:15

Altars:
Ashenzari
Cheibriados
Kikubaaqudgha
Makhleb
Nemelex Xobeh
Qazlal
Ru
Sif Muna
Xom
Zin
The Shining One
Beogh

Shops:
D:4 :[*[*   D:8 }   D:9 (   D:10 =   D:12 (   D:14 ?   Orc:4 *?%?

Annotations:
D:8 nublet's ghost, novice DrMo
Lair:8 Duffy's ghost, journeyman CeFi


Message History

You constrict the red ugly thing.
The orc warrior hits you from afar with a glaive!
The cyan ugly thing tentacle-slaps you but does no damage.
The red ugly thing bites you.
You are engulfed in flames!!
You are too injured to fight recklessly!
You are too injured to fight recklessly!
You are too injured to fight recklessly!
You are too injured to fight recklessly!
You are too injured to fight recklessly!
You slice the red ugly thing!!
The red ugly thing is severely wounded.
You constrict the red ugly thing.
The cyan ugly thing tentacle-slaps you but does no damage.
The red ugly thing bites you but does no damage.
You slice the red ugly thing!!
You kill the red ugly thing!
Makhleb accepts your kill. The orc warrior closely misses you.
The cyan ugly thing tentacle-slaps you! The cyan ugly thing shocks you!
The red ugly thing bites you!
You are engulfed in flames!!
You slash the red ugly thing! You grab the red ugly thing.
The red ugly thing is moderately wounded.
You constrict the red ugly thing. The cyan ugly thing closely misses you.
You slice the red ugly thing!!
The red ugly thing is heavily wounded.
You constrict the red ugly thing.
You hear a shout!
The orc warrior hits you but does no damage.
The red ugly thing bites you but does no damage.
The cyan ugly thing tentacle-slaps you. The cyan ugly thing shocks you!
You slash the red ugly thing!
The red ugly thing is severely wounded.
You constrict the red ugly thing. The red ugly thing barely misses you.
The cyan ugly thing tentacle-slaps you!
You die...

#.....##(.........#
#.....####......###
##.#....####..####.
#.#......######... #
##.......##.....
##............#
#......C.o....#
######.####)uu.....#
#..........†@#.
#.#####.(..(.#
#......# #......#
#......# #......#
#......# #........
#####.###.


You could see 2 ugly things, a cyclops and an orc warrior.

Action                   |  1- 3 |  4- 6 |  7- 9 | 10-12 | 13-15 | 16-18 || total
-------------------------+-------+-------+-------+-------+-------+-------++-------
Melee: Short sword       |   105 |   177 |       |       |       |       ||   282
       Trident           |       |       |    72 |       |       |       ||    72
       Falchion          |       |       |   175 |   812 |  1640 |    16 ||  2643
       Triple sword      |       |       |       |       |     3 |   165 ||   168
       Scimitar          |       |       |       |       |   136 |   339 ||   475
 Fire: Blowgun           |       |       |       |       |    17 |       ||    17
Invok: Lesser Servant of |       |       |       |     8 |    21 |       ||    29
 Abil: Spit Poison       |    49 |    33 |    34 |    11 |       |       ||   127
Evoke: Wand              |       |     4 |     3 |       |     3 |       ||    10
  Use: Scroll            |       |     4 |     7 |    18 |    13 |    11 ||    53
       Potion            |       |       |     2 |       |     9 |       ||    11
 Stab: Sleeping          |       |     4 |     5 |     4 |       |     1 ||    14
       Distracted        |       |       |       |     5 |     4 |     2 ||    11
       Betrayed ally     |       |       |       |       |       |     1 ||     1
  Eat: Chunk             |     4 |     5 |    14 |    20 |    28 |     3 ||    74
       Meat ration       |       |     1 |       |       |       |       ||     1
       Fruit             |       |       |       |     2 |     1 |       ||     3
       Royal jelly       |       |       |       |     2 |       |     1 ||     3
       Pizza             |       |       |       |       |     4 |       ||     4
       Beef jerky        |       |       |       |       |     2 |     2 ||     4

Notes
Turn   | Place    | Note
--------------------------------------------------------------
     0 | D:1      | Duffy the Naga Artificer began the quest for the Orb.
     0 | D:1      | Reached XP level 1. HP: 18/18 MP: 3/3
   415 | D:1      | Reached skill level 2 in Fighting
   415 | D:1      | Reached XP level 2. HP: 26/26 MP: 4/4
   908 | D:1      | Reached XP level 3. HP: 31/33 MP: 5/5
   924 | D:1      | Reached skill level 3 in Fighting
  1597 | D:2      | Found a shattered altar of Ashenzari.
  1644 | D:2      | Reached XP level 4. HP: 41/44 MP: 6/6
  2043 | D:2      | Noticed Sigmund
  2072 | D:2      | Killed Sigmund
  2072 | D:2      | Reached skill level 5 in Fighting
  2072 | D:2      | Reached XP level 5. HP: 11/55 MP: 7/7
  2268 | D:2      | Reached XP level 6. HP: 45/62 MP: 8/8
  2427 | D:2      | Noticed Natasha
  2437 | D:2      | Killed Natasha
  2437 | D:2      | Reached skill level 6 in Fighting
  2666 | D:2      | Noticed Jessica
  2669 | D:2      | Noticed Ijyb
  2674 | D:2      | Killed Jessica
  2674 | D:2      | Reached skill level 2 in Stealth
  2749 | D:2      | Killed Ijyb
  2764 | D:2      | Noticed Natasha
  2849 | D:2      | Killed Natasha
  3478 | D:3      | Found a burning altar of Makhleb.
  3524 | D:3      | Became a worshipper of Makhleb the Destroyer
  3772 | D:3      | Reached skill level 3 in Stealth
  4063 | D:3      | Found a deep blue altar of Sif Muna.
  4367 | D:3      | Reached * piety under Makhleb
  4417 | D:4      | Found Suipaini's Assorted Antiques.
  4480 | D:4      | Reached skill level 4 in Stealth
  4498 | D:4      | Reached XP level 7. HP: 61/69 MP: 9/9
  4499 | D:4      | Found a staircase to the Ecumenical Temple.
  4554 | D:4      | Reached skill level 4 in Evocations
  4555 | D:4      | Found Gax Agg's Book Emporium.
  4603 | D:4      | Found Siashrof's Antique Armour Shoppe.
  4643 | D:4      | Found Gitaept's Armour Boutique.
  4654 | D:4      | Found Refof's Assorted Antiques.
  5189 | D:4      | Reached skill level 5 in Stealth
  5663 | D:5      | Entered Level 5 of the Dungeon
  5684 | D:5      | Got a brightly glowing falchion
  5685 | D:5      | Identified the +8 falchion of Vengeance {flame, rN+ Str+6 Dex+2} (You found it on level 5 of the Dungeon)
  5893 | D:5      | Found a sacrificial altar of Ru.
  6326 | D:5      | Reached skill level 1 in Long Blades
  6326 | D:5      | Reached skill level 6 in Stealth
  6326 | D:5      | Reached skill level 5 in Evocations
  6821 | D:4      | Bought a scroll labeled XIEKIL DUNAUQICW for 23 gold pieces
  6821 | D:4      | Bought a bubbling amethyst potion for 20 gold pieces
  6821 | D:4      | Bought a scroll labeled AGOFFA WYTISO for 23 gold pieces
  6843 | D:4      | Bought a scroll labeled YMITZI VI PUTU for 28 gold pieces
  6843 | D:4      | Bought a scroll labeled AGOFFA WYTISO for 28 gold pieces
  6843 | D:4      | Bought a scroll labeled DUNOCU GOPUOL for 28 gold pieces
  6843 | D:4      | Bought a scroll labeled YMITZI VI PUTU for 28 gold pieces
  6843 | D:4      | Bought a scroll labeled ULYEGI XUAS for 28 gold pieces
  6843 | D:4      | Bought a scroll labeled XIEKIL DUNAUQICW for 28 gold pieces
  6933 | D:6      | Reached skill level 2 in Long Blades
  6980 | D:6      | Reached XP level 8. HP: 71/76 MP: 11/11
  7050 | D:6      | Reached skill level 3 in Long Blades
  7051 | D:6      | Found a sparkling altar of Nemelex Xobeh.
  7082 | D:6      | Reached skill level 4 in Long Blades
  7084 | D:6      | Found a stormy altar of Qazlal.
  7086 | D:6      | Found a snail-covered altar of Cheibriados.
  7480 | D:6      | Reached skill level 5 in Long Blades
  7583 | D:6      | Found a shimmering altar of Xom.
  7805 | D:6      | Reached ** piety under Makhleb
  7916 | D:6      | Reached skill level 6 in Long Blades
  8177 | D:7      | Noticed Duvessa
  8177 | D:7      | Noticed Dowan
  8188 | D:7      | Killed Duvessa
  8188 | D:7      | Reached skill level 7 in Long Blades
  8188 | D:7      | Reached XP level 9. HP: 71/82 MP: 12/12
  8191 | D:7      | Killed Dowan
  8319 | D:7      | Found a glowing golden altar of the Shining One.
  8323 | D:7      | Noticed Pikel
  8370 | D:7      | Killed Pikel
  8370 | D:7      | Reached skill level 8 in Long Blades
  8377 | D:7      | Reached skill level 9 in Long Blades
  8455 | D:7      | You fall through a shaft for 2 floors!
  8567 | D:9      | Reached skill level 2 in Dodging
  8739 | D:8      | Reached skill level 10 in Long Blades
  8739 | D:8      | Reached skill level 3 in Dodging
  8894 | D:8      | Noticed nublet's ghost (novice DrMo)
  9229 | D:8      | Found Achepp's Gadget Emporium.
  9359 | D:8      | Reached XP level 10. HP: 91/91 MP: 13/13
  9399 | D:7      | Found an ancient bone altar of Kikubaaqudgha.
  9641 | D:7      | Noticed Menkaure
  9646 | D:7      | Killed Menkaure
  9646 | D:7      | Reached skill level 4 in Dodging
  9726 | D:7      | Reached *** piety under Makhleb
 10040 | D:7      | Found a glowing silver altar of Zin.
 10606 | D:8      | You fall through a shaft for 2 floors!
 10606 | D:10     | Entered Level 10 of the Dungeon
 10974 | D:9      | Reached skill level 1 in Armour
 11009 | D:9      | Found Pialot's Weapon Emporium.
 11242 | D:9      | Reached skill level 5 in Dodging
 11254 | D:9      | Found a shimmering altar of Xom.
 11460 | D:9      | Noticed a manticore
 11470 | D:9      | Killed a manticore
 11470 | D:9      | Reached skill level 11 in Long Blades
 11470 | D:9      | Reached skill level 1 in Invocations
 11742 | D:9      | Noticed Erolcha
 11751 | D:9      | Killed Erolcha
 11751 | D:9      | Reached skill level 2 in Armour
 11751 | D:9      | Reached skill level 2 in Invocations
 12071 | D:10     | Reached **** piety under Makhleb
 12071 | D:10     | Reached skill level 3 in Invocations
 12090 | D:10     | Reached skill level 3 in Armour
 12325 | D:10     | Reached XP level 11. HP: 94/97 MP: 14/14
 12384 | D:10     | Reached skill level 4 in Invocations
 12398 | D:10     | Noticed a hill giant
 12409 | D:10     | Killed a hill giant
 12561 | D:10     | Noticed nublet's ghost (novice CeTm)
 12574 | D:10     | Killed nublet's ghost
 12883 | D:10     | Killed nublet's ghost
 12883 | D:10     | Reached skill level 4 in Armour
 12883 | D:10     | Reached skill level 5 in Invocations
 13425 | D:10     | Reached skill level 12 in Long Blades
 13624 | D:10     | Found Hats's Jewellery Shop.
 13857 | D:10     | Reached skill level 6 in Invocations
 14289 | D:11     | Noticed a six-headed hydra
 14294 | D:11     | Killed a one-headed hydra
 14588 | D:11     | Found a staircase to the Lair.
 14594 | D:11     | Reached skill level 5 in Armour
 14682 | D:11     | Reached ***** piety under Makhleb
 14825 | Lair:1   | Entered Level 1 of the Lair of Beasts
 15028 | Lair:1   | Noticed Grum
 15080 | Lair:1   | Killed Grum
 15080 | Lair:1   | Reached skill level 7 in Fighting
 15154 | Lair:1   | Reached skill level 7 in Invocations
 15162 | Lair:1   | Reached XP level 12. HP: 109/109 MP: 17/17
 15324 | Lair:1   | Noticed a seven-headed hydra
 15332 | Lair:1   | Killed a three-headed hydra
 15830 | Lair:1   | Reached skill level 6 in Armour
 16114 | Lair:1   | Reached skill level 6 in Dodging
 16630 | Lair:1   | Reached skill level 13 in Long Blades
 17467 | Lair:2   | Found a shattered altar of Ashenzari.
 17914 | Lair:3   | Noticed a five-headed hydra
 17928 | Lair:3   | Killed a one-headed hydra
 17928 | Lair:3   | Reached skill level 7 in Dodging
 18157 | Lair:3   | Found a hole to the Spider Nest.
 18443 | Lair:3   | Gained mutation: You can use your snake-like lower body to constrict enemies. [Naga growth]
 18443 | Lair:3   | Reached XP level 13. HP: 105/117 MP: 18/18
 18505 | Lair:3   | Reached skill level 8 in Fighting
 18508 | Lair:3   | Reached skill level 14 in Long Blades
 19026 | Lair:3   | Reached skill level 6 in Evocations
 19063 | Lair:4   | Reached ****** piety under Makhleb
 19093 | Lair:3   | Reached skill level 9 in Fighting
 19400 | Lair:4   | Learned a level 3 spell: Regeneration
 19624 | Lair:4   | Reached skill level 7 in Evocations
 20501 | Lair:5   | Noticed Kirke
 20512 | Lair:5   | Killed Kirke
 20741 | Lair:5   | Reached skill level 10 in Fighting
 20758 | Lair:5   | Reached skill level 8 in Evocations
 21506 | Lair:5   | Found a staircase to the Shoals.
 22063 | Lair:6   | Noticed Rupert
 22084 | Lair:6   | Killed Rupert
 22084 | Lair:6   | Reached XP level 14. HP: 124/133 MP: 20/20
 22379 | Lair:6   | Reached skill level 11 in Fighting
 22702 | Lair:7   | Found a glowing golden altar of the Shining One.
 23092 | Lair:7   | Reached skill level 7 in Armour
 23803 | Lair:8   | Entered Level 8 of the Lair of Beasts
 23943 | Lair:8   | Reached skill level 8 in Armour
 24183 | Lair:8   | Reached skill level 15 in Long Blades
 24430 | Lair:8   | Noticed Duffy's ghost (journeyman CeFi)
 24893 | D:12     | Found a staircase to the Orcish Mines.
 25372 | D:12     | Reached skill level 9 in Armour
 25521 | D:12     | Reached XP level 15. HP: 139/141 MP: 21/21
 25557 | D:12     | Found Afrinkyri's Antique Weapon Emporium.
 26275 | D:14     | Found Roorhem's Magic Scroll Emporium.
 26856 | D:15     | Entered Level 15 of the Dungeon
 27101 | D:13     | Reached skill level 16 in Long Blades
 27132 | D:13     | Found a gate to the Vaults.
 27210 | D:13     | Reached skill level 10 in Armour
 28589 | D:14     | Bought a scroll of identify for 28 gold pieces
 28589 | D:14     | Bought a scroll of identify for 28 gold pieces
 28589 | D:14     | Bought a scroll of identify for 28 gold pieces
 28589 | D:14     | Bought a scroll of identify for 28 gold pieces
 28589 | D:14     | Bought a scroll of identify for 28 gold pieces
 28594 | D:14     | Bought a scroll of fog for 28 gold pieces
 28594 | D:14     | Bought a scroll of teleportation for 42 gold pieces
 28594 | D:14     | Bought a scroll of teleportation for 42 gold pieces
 28594 | D:14     | Bought a scroll of fog for 28 gold pieces
 28628 | D:14     | Gained mutation: Your muscles are strong. (Str +2) [potion of beneficial mutation]
 28629 | D:14     | Gained mutation: You can translocate small distances at will. [potion of beneficial mutation]
 29153 | Orc:1    | Entered Level 1 of the Orcish Mines
 29250 | Orc:1    | Found a roughly hewn altar of Beogh.
 29708 | Orc:2    | Noticed Snorg
 29730 | Orc:2    | Killed Snorg
 31451 | Orc:2    | Reached skill level 12 in Fighting
 31766 | Orc:2    | Reached skill level 17 in Long Blades
 31859 | Orc:3    | Reached XP level 16. HP: 107/152 MP: 22/22
 32330 | Orc:4    | Entered Level 4 of the Orcish Mines
 32330 | Orc:4    | Found a staircase to the Elven Halls.
 33412 | Orc:4    | Found Devvoerchoi's Assorted Antiques.
 33527 | Orc:4    | Found Ofadd's Magic Scroll Emporium.
 33534 | Orc:4    | Found Amoodol's Food Emporium.
 33536 | Orc:4    | Found Dusiphif's Magic Scroll Boutique.
 33841 | Orc:4    | Bought a scroll of acquirement for 624 gold pieces
 33843 | Orc:4    | Got a heavily runed naga barding
 33845 | Orc:4    | Bought a scroll of identify for 24 gold pieces
 33849 | Orc:4    | Identified the +2 naga barding of Light {rN+++ MR++ Str-5} (You acquired it on level 4 of the Orcish Mines)
 33873 | Orc:4    | Bought a scroll of acquirement for 832 gold pieces
 33942 | Orc:4    | Bought a scroll of enchant weapon for 90 gold pieces
 33942 | Orc:4    | Bought a scroll of enchant weapon for 90 gold pieces
 33942 | Orc:4    | Bought a scroll of fog for 24 gold pieces
 33942 | Orc:4    | Bought a scroll of enchant weapon for 90 gold pieces
 33949 | Orc:4    | Bought a bubbling yellow potion for 25 gold pieces
 33961 | Orc:4    | Bought a scroll of identify for 32 gold pieces
 33961 | Orc:4    | Bought a scroll of identify for 32 gold pieces
 33961 | Orc:4    | Bought a scroll of magic mapping for 56 gold pieces
 33961 | Orc:4    | Bought a scroll of identify for 32 gold pieces
 33961 | Orc:4    | Bought a scroll of magic mapping for 56 gold pieces
 34184 | D:8      | Bought a wand of hasting (5) for 810 gold pieces
 34711 | D:15     | Reached skill level 18 in Long Blades
 35183 | D:15     | Slain by a cyan ugly thing

Vault maps used:
D:1:      ncdulo_lavacross
D:2:      nicolae_overflow_hidden_temple, grunt_decor_mini_mirrors,
          uniq_natasha, uniq_jessica, uniq_iyjb, uniq_sigmund
D:3:      bloody_makhleb, lemuel_round_altar
D:4:      temple_doors_c, serial_shops, nicolae_shop_waterfront, shop,
          nicolae_shop_crystal, shop, shop, minmay_misc_feat_chi,
          kennysheep_potato
D:5:      mumra_celtic_spiral_tile, lemuel_doored_altar, first_bread
D:6:      lemuel_round_altar, grunt_temple_overflow_open
D:7:      kiku_gazebo_pond_becter, lemuel_round_altar, lemuel_crystal_altar,
          uniq_menkaure, uniq_duvessa, uniq_pikel
D:8:      serial_shops, shop_fountains, grunt_ogre_cave
D:9:      serial_shops, shop, xom_teletrap_fun, uniq_erolcha
D:10:     serial_shops, nicolae_shop_stone, minmay_statues_item
D:11:     lair_0_dummy
D:12:     david_orc_2, serial_shops, shop_statue, minmay_misc_feat_diagonals
D:13:     lightli_vaults_fourway_checkpoint, ice2_lemuel
D:14:     serial_shops, shop_statue, minmay_misc_feat_rugged, serial_curves,
          eino_curves_02, eino_curves_04, minmay_misc_feat_pillars
D:15:     grunt_enter_depths_magical_seal, nicolae_two_hexagons,
          grunt_ministairs_3, nrook_guardian_serpent_ordinary
Lair:1:   minmay_hedge_maze, uniq_grum
Lair:2:   basic_altar, grunt_megastairs_3
Lair:3:   spider_nest_entry_a, serial_bayou_shore_b, infiniplex_staircase_pool,
          grunt_megastairs_4, lemuel_fruit_fields
Lair:4:   grunt_megastairs_2
Lair:5:   minmay_shoals_entry_lonely_mermaid, special_room,
          serial_bayou_shore_b, bh_autumn_forest_stairs, uniq_kirke
Lair:6:   uniq_rupert
Lair:7:   onia_ninara_swampy_vault, basic_altar, minivault_26
Lair:8:   evil_forest, minmay_slime_entry_oklob_open, serial_bayou,
          serial_bayou_pond_e, serial_bayou_pond_a, serial_bayou_ford_a,
          serial_bayou_pond_b, serial_bayou_pond_e, serial_bayou_pond_a,
          grunt_forest_stairs_basic, serial_bayou_pond_d, serial_bayou_crossing
Orc:1:    minmay_orc_temple_a
Orc:2:    nicolae_orc_lava_room, uniq_snorg
Orc:3:    nicolae_orc_pool_cavern, minmay_orc_treasury
Orc:4:    st_orc_elflike

Vanquished Creatures
  Rupert Kirke
  2 orc warlords Snorg
  4 vault guards
  An ice dragon
  2 catoblepae
  13 hydras Erolcha
  2 ogre magi
  4 centaur warriors
  2 tengu warriors
  4 death yaks
  The ghost of nublet the Grappler, a novice CeTm of Okawaru
  4 orc high priests
  The ghost of nublet the Grappler, a novice DrMo of Okawaru
  2 unseen horrors
  2 swamp dragons
  10 orc knights Pikel
  9 orc sorcerers
  8 hill giants
  A griffon
  2 lindwurms
  15 ugly things
  3 centaur zombies
  A siren
  4 elephants
  A manticore
  An ice statue
  A torpor snail
  2 black mambas
  A gargoyle
  15 spiny frogs
  6 fire drakes
  9 komodo dragons
  2 tengu conjurers
  A queen bee
  5 polar bears
  A slime creature
  A freezing wraith
  6 trolls
  A trapdoor spider zombie
  2 boulder beetles
  23 blink frogs
  7 two-headed ogres
  2 shadows
  A trapdoor spider (shapeshifter)
  Sigmund
  A centaur simulacrum
  3 deep elf magi
  3 hogs
  A vampire
  46 yaks
  A hungry ghost
  13 hippogriffs
  A deep elf fighter
  A human
  2 wyverns Grum
  A wraith
  A steam dragon
  8 basilisks Menkaure
  A human (shapeshifter)
  5 vampire mosquitoes
  8 wargs
  4 swamp worms
  10 porcupines Duvessa
  7 ice beasts
  3 slaves
  17 wolves
  21 water moccasins
  A warg (shapeshifter)
  3 sky beasts
  A boggart (shapeshifter)
  2 mottled dragons
  45 orc warriors
  A swamp drake
  8 spiders
  5 phantoms
  4 boggarts
  24 ogres
  11 centaurs
  2 big kobolds
  19 crocodiles
  A wyvern zombie Dowan
  21 giant frogs
  A gnoll sergeant
  A water moccasin zombie
  3 scorpions
  6 wights
  38 killer bees
  An electric eel
  8 crimson imps
  2 jellies
  8 hounds
  30 orc priests
  5 giant frog zombies
  6 giant frog skeletons Ijyb
  7 centaur skeletons Jessica
  15 worker ants
  Natasha (twice)
  13 iguanas
  A killer bee zombie
  47 orc wizards
  35 sheep
  2 hound zombies
  2 worker ant zombies
  38 river rats
  12 adders
  4 gnolls
  3 shadow imps
  5 oozes
  An adder zombie
  A worm
  223 orcs
  14 bats
  8 giant cockroaches
  8 hobgoblins
  10 jackals
  3 quokkas
  A ball python
  9 giant geckos
  10 giant newts
  4 goblins
  21 kobolds
  7 rats
  3 bushes
  13 fungi
  20 plants
1154 creatures vanquished.
